 Dungeon Crawl Stone Soup version 0.27.1-36-g1b1ada6b1e (webtiles) character file.

Game seed: 6683615029244639229

9384 tkbsonic5 the Covert (level 11, -8/148 HPs)
             Began as a Naga Delver on Jan 21, 2023.
             Was a Follower of Yredelemnul.
             Mangled by a cane toad (16 damage)
             ... on level 1 of the Lair of Beasts on Jan 23, 2023.
             The game lasted 01:04:07 (11917 turns).

tkbsonic5 the Covert (Naga Delver)                 Turns: 11917, Time: 01:04:08

Health: -8/148     AC: 18    Str: 25    XL:     11   Next: 45%
Magic:  18/18      EV: 11    Int: 14    God:    Yredelemnul [*.....]
Gold:   215        SH:  0    Dex: 12    Spells: 2/20 levels left

rFire    . . .     SeeInvis +   I - +7 halberd (protect)
rCold    . . .     Faith    +   (shield currently unavailable)
rNeg     . . .     Spirit   .   m - +3 leather armour
rPois    +         Reflect  .   B - +1 helmet
rElec    .         Harm     .   (no cloak)
rCorr    .         Rampage  .   G - +0 pair of gloves
Will     +....                  (no barding)
Stlth    ..........             l - amulet of faith
HPRegen  0.34/turn              s - +6 ring of strength
MPRegen  0.16/turn              Q - +6 ring of strength

@: berserking (expiring), lethally poisoned (-8 -> -10), mirroring injuries,
under a protective aura, studying Polearms, quick
A: AC +3, large, see invisible, deformed body, poison resistance, slowness 2,
spit poison 1, naga tail 1, claws 1, weak 1, MP-powered wands
a: Spit Poison, Renounce Religion, Animate Remains


You were on level 1 of the Lair of Beasts.
You worshipped Yredelemnul.
Yredelemnul was aware of your devotion.
You visited 3 branches of the dungeon, and saw 13 of its levels.

You collected 621 gold pieces.
You spent 406 gold pieces at shops.

Inventory:

Hand Weapons
 n - a +2 spectral spear
 r - a +0 dagger
 y - a +1 shortbow of flaming
 I - a +7 halberd of protection (weapon)
 J - the +3 falchion of Tokhloxif {speed, rC+}
   (You found it on level 9 of the Dungeon)

   Attacks with this weapon are significantly faster.
   rC:        It protects you from cold.
 K - a +2 war axe of flaming
Missiles
 i - 48 poisoned darts (quivered)
 z - 227 arrows
Armour
 a - a +3 scale mail of willpower
 b - a +3 scale mail
 m - a +3 leather armour (worn)
 v - a +0 chain mail of fire resistance
 w - a +2 leather armour of cold resistance
 x - the +0 ring mail of the Miller {rC+}
   (You found it on level 5 of the Dungeon)

   rC:        It protects you from cold.
 A - a +2 leather armour of poison resistance
 B - a +1 helmet (worn)
 G - a +0 pair of gloves (worn)
 L - a +2 ring mail of cold resistance
 O - the +1 leather armour of Unambiguity {rCorr Int-2 Dex+7 Stlth+}
   (You found it on level 11 of the Dungeon)

   Int:       It affects your intelligence (-2).
   Dex:       It affects your dexterity (+7).
   rCorr:     It protects you from acid and corrosion.
   Stlth:     It makes you more stealthy.
 P - a +2 ring mail of cold resistance
Magical Staves
 C - a staff of cold
 M - a staff of poison
Jewellery
 l - an amulet of faith (around neck)
 p - a ring of protection from cold
 s - a +6 ring of strength (left hand)
 t - a +4 ring of evasion
 F - an amulet of reflection
 Q - a +6 ring of strength (right hand)
Wands
 g - a wand of digging (3)
 q - a wand of polymorph (11)
 u - a wand of flame (12)
Scrolls
 c - 2 scrolls of fog
Potions
 d - a potion of might {unknown}
 e - 2 potions of magic {unknown}
 f - a potion of curing
 h - a potion of brilliance
 j - a potion of flight
 o - a potion of berserk rage
 D - a potion of ambrosia
 E - a potion of mutation
 N - 3 potions of lignification {unknown}
 R - a potion of invisibility


   Skills:
 * Level 6.5 Fighting
 * Level 8.3 Polearms
 - Level 0.1 Throwing
 + Level 1.6 Armour
 + Level 4.4 Dodging
 + Level 11.2 Stealth
 * Level 5.0 Spellcasting
 + Level 3.0 Conjurations
 + Level 5.2 Hexes
 * Level 4.1 Necromancy
 + Level 1.2 Fire Magic
 + Level 5.2 Ice Magic
 + Level 4.5 Air Magic
 + Level 0.8 Poison Magic
 * Level 4.7 Invocations
 + Level 3.3 Evocations


You had 2 spell levels left.
You knew the following spells:

 Your Spells              Type           Power      Damage    Failure   Level
a - Ensorcelled Hibernat  Hex/Ice        36%        N/A       3%          2
b - Swiftness             Air            16%        N/A       10%         3
c - Pain                  Necr           60%        1d7       3%          1
d - Vampiric Draining     Necr           7%         2d7       11%         3
e - Shock                 Conj/Air       56%        1d6       4%          1
f - Animate Skeleton      Necr           30%        N/A       3%          1
g - Airstrike             Air            8%         N/A       30%         4
h - Conjure Flame         Conj/Fire      9%         6-21      26%         3

Your spell library contained the following spells:

 Spells                   Type           Power      Damage    Failure   Level
 Corpse Rot               Necr/Air       N/A        N/A       4%          2
 Poisonous Vapours        Pois/Air       22%        N/A       10%         2
 Ignite Poison            Fire/Tmut/Pois 5%         N/A       41%         3
 Spider Form              Tmut/Pois      2%         N/A       45%         3
 Sticky Flame             Conj/Fire      9%         2d3       63%         4
 Freezing Cloud           Conj/Ice/Air   7%         6-21      67%         5
 Shadow Creatures         Summ           N/A        N/A       100%        6


Dungeon Overview and Level Annotations

Branches:
Dungeon (11/15)            Temple (1/1) D:4            Lair (1/6) D:11
    Orc: D:9-12

Altars:
Ashenzari
Cheibriados
Dithmenos
Elyvilon
Fedhas
Gozag
Hepliaklqana
Kikubaaqudgha
Makhleb
Nemelex Xobeh
Okawaru
Qazlal
Ru
Sif Muna
Trog
Uskayaw
Vehumet
Wu Jian
Xom
Yredelemnul
Zin
The Shining One

Shops:
D:10 [

Annotations:
D:9 1 runed translucent door, WindUpCitrus's ghost, novice DjIE


Innate Abilities, Weirdness & Mutations

Your serpentine skin is tough. (AC +3)
You have supernaturally acute eyesight. (SInv)
Armour fits poorly on your strangely shaped body.
Your system is resistant to poisons. (rPois)
You cover ground very slowly.
You can spit poison.
You have a snake-like lower body.
You have sharp fingernails.
You are weak. (Str -2)
You expend magic power (3 MP) to strengthen your wands.


Message History

The komodo dragon closely misses you.
The bullfrog swells and bulges.
The cane toad stings you but does no damage.
You barely miss the water moccasin.
The water moccasin is moderately wounded.
You feel sick. The water moccasin closely misses you.
Unknown command.
You puncture the water moccasin!
The water moccasin is almost dead.
You feel sick. The water moccasin closely misses you.
The cane toad stings you but does no damage.
The komodo dragon bites you!!
* * * LOW HITPOINT WARNING * * *
Yredelemnul mirrors your injury!
You kill the komodo dragon!
Yredelemnul accepts your kill.
You can no longer recall your undead slaves.
You can no longer mirror injuries on your foes.
Your Conjurations skill increases to level 3!
You slash the bullfrog!
The bullfrog is heavily wounded.
You feel sick. The water moccasin bites you.
* * * LOW HITPOINT WARNING * * *
The cane toad stings you but does no damage.
The bullfrog barely misses you.
Unknown command.
You barely miss the bullfrog.
The bullfrog is heavily wounded.
You feel sick.
The water moccasin bites you but does no damage.
The bullfrog hits you but does no damage.
The cane toad stings you but does no damage.
Unknown command.
You closely miss the bullfrog.
The bullfrog is heavily wounded.
You feel sick. The water moccasin closely misses you.
The bullfrog hits you but does no damage.
The cane toad stings you!
You die...
Your body rises from the dead as a mindless zombie.

* ***,,,,,,,,,,,,,,,,,*,,,*
*,,,#..,*,**,,,,,,*,,,,,*
*,,,...#,,,,,..,**,,,*****
*,,,.....,,,...***,,,***,**
**,*.....,,*#.#* *,,.*,,,,**
**,,,,....**#.####*.##.,,,,,
***,,,,,,,..#*#....#..#....,,*
*,*,,,..#.##F##....#......#,**
***,,,**......S@............#**,
*,+,,,,,...#####F#...#......***,
*,,,,,,,,*** #...........#,,**,
*,,,,,8,,,*####..#.......#******
**,*,,,,,,,,#..F.###.#...## *
,,,**,*,,..(.#...........# ******
,,***,*,,$.8.Y###.####...##*,,,,*
,,,,,,,,,.....,*#.8.##....#,,,,,,
,,,,,,,,,.(..,,,,........##,...,,


You could see a cane toad, a water moccasin and a bullfrog.

Vanquished Creatures
  A two-headed ogre (D:8)
  Urug (Lair:1)
  4 centaur zombies
  An unseen horror (D:10)
  A cane toad (Lair:1)
  2 komodo dragons (Lair:1)
  A kobold demonologist (D:11)
  A troll (D:11)
  A yak (D:9)
  A hornet (D:6)
  A tarantella (shapeshifter) (D:10)
  A basilisk (D:11)
  2 steam dragons
  A vampire mosquito (D:10)
  3 acid dragons
  2 water moccasins
  An orc warrior (D:9)
  4 black bears
  2 sky beasts
  4 wolves (Lair:1)
  8 centaurs
  2 phantoms
  3 kobold brigands (D:11)
  Blork the orc (D:6)
  5 bullfrogs
  4 scorpions
  5 howler monkeys
  9 killer bees
  5 wights (D:9)
  A centaur skeleton (D:6)
  4 orc priests
  4 hounds
  A bullfrog skeleton (D:5)
  2 iguanas
  Ijyb (D:4)
  5 orc wizards
  3 killer bee zombies
  2 howler monkey zombies
  4 gnolls (D:5)
  2 adders (D:2)
  A howler monkey skeleton (D:5)
  2 ufetubi
  4 worms
  24 orcs
  4 endoplasms
  10 hobgoblins
  4 ball pythons (D:1)
  7 bats
  2 frilled lizards (D:1)
  4 goblins
  10 kobolds
  4 rats
182 creatures vanquished.

Vanquished Creatures (collateral kills)
  A troll (D:9)
  A yak (D:9)
  2 killer bees (D:9)
  An orc priest (D:9)
  An orc wizard (D:10)
  4 orcs (D:9)
10 creatures vanquished.

Vanquished Creatures (others)
  A yak (D:9)
  A killer bee (D:9)
  An orc wizard (D:9)
  2 howler monkey zombies (D:11)
  2 orc zombies (D:9)
  2 yak zombies (D:9)
  23 fungi
  35 plants
67 creatures vanquished.

Grand Total: 259 creatures vanquished

Notes
Turn   | Place    | Note
-------+----------+-------------------------------------------
     0 | D:5      | tkbsonic5 the Naga Delver began the quest for the Orb.
     0 | D:5      | Reached XP level 1. HP: 21/21 MP: 1/1
   383 | D:1      | Reached XP level 2. HP: 28/28 MP: 2/2
   393 | D:1      | Found a faded altar of an unknown god.
   409 | D:1      | You fall into a shaft and drop 1 floor!
   781 | D:1      | Reached skill level 1 in Spellcasting
   781 | D:1      | Reached XP level 3. HP: 34/34 MP: 4/4
   784 | D:1      | Learned a level 2 spell: Ensorcelled Hibernation
  1989 | D:3      | Reached XP level 4. HP: 35/42 MP: 5/5
  2081 | D:3      | Found a bloodstained altar of Trog.
  2611 | D:4      | Noticed Ijyb
  2620 | D:4      | Killed Ijyb
  3034 | D:4      | Reached skill level 1 in Hexes
  3152 | D:4      | Found a staircase to the Ecumenical Temple.
  3283 | D:5      | Noticed a phantom
  3286 | D:5      | Identified a scroll of acquirement
  3286 | D:5      | Acquired a manual of Polearms
  3294 | D:5      | Killed a phantom
  3295 | D:5      | Reached skill level 8 in Stealth
  3295 | D:5      | Reached skill level 1 in Ice Magic
  3295 | D:5      | Reached XP level 5. HP: 42/50 MP: 7/7
  3450 | D:5      | Reached XP level 6. HP: 54/57 MP: 8/8
  3454 | D:5      | Learned a level 3 spell: Swiftness
  3565 | D:5      | Found a shadowy altar of Dithmenos.
  3626 | D:5      | Identified the +0 ring mail of the Miller {rC+}
  3773 | D:5      | Noticed a sky beast
  3777 | D:5      | Reached XP level 7. HP: 43/64 MP: 10/10
  3781 | D:5      | Reached skill level 1 in Evocations
  3785 | D:5      | Reached skill level 1 in Air Magic
  4129 | D:5      | Reached skill level 9 in Stealth
  4160 | D:5      | Reached skill level 5 in Polearms
  4160 | D:5      | Reached XP level 8. HP: 73/73 MP: 10/12
  4315 | D:5      | Learned a level 1 spell: Pain
  4319 | D:5      | Learned a level 3 spell: Vampiric Draining
  4321 | D:5      | Learned a level 1 spell: Shock
  4437 | Temple   | Entered the Ecumenical Temple
  4572 | Temple   | Became a worshipper of Yredelemnul the Dark
  4808 | D:6      | Noticed Blork the orc
  4810 | D:6      | Noticed a hornet
  4824 | D:6      | Killed a hornet
  4825 | D:6      | Reached skill level 1 in Invocations
  4872 | D:6      | Killed Blork the orc
  5285 | D:6      | Reached skill level 1 in Conjurations
  5291 | D:6      | Reached skill level 1 in Necromancy
  5321 | D:6      | Reached XP level 9. HP: 73/80 MP: 14/14
  5642 | D:7      | Reached skill level 5 in Fighting
  5843 | D:7      | Found a stormy altar of Qazlal.
  5921 | D:7      | Learned a level 1 spell: Animate Skeleton
  5926 | D:7      | Learned a level 4 spell: Airstrike
  6562 | D:8      | Reached skill level 10 in Stealth
  6740 | D:8      | Noticed a two-headed ogre
  6743 | D:8      | Gained mutation: You are weak. (Str -2) [potion of
                  | mutation]
  6743 | D:8      | Gained mutation: You expend magic power (3 MP) to
                  | strengthen your wands. [potion of mutation]
  6743 | D:8      | Gained mutation: You have sharp fingernails. [potion of
                  | mutation]
  7184 | D:8      | Noticed a two-headed ogre
  7195 | D:8      | Killed a two-headed ogre
  7196 | D:8      | Reached XP level 10. HP: 58/91 MP: 9/16
  7411 | D:8      | HP: 2/91 [acid dragon (5)]
  7814 | D:8      | Found an opulent altar of Gozag.
  7815 | D:8      | Found a sparkling altar of Nemelex Xobeh.
  7964 | D:8      | Reached * piety under Yredelemnul
  8085 | D:8      | Noticed a boulder beetle
  8426 | D:9      | Found a runed translucent door.
  8427 | D:9      | Found a shimmering altar of Xom.
  8427 | D:9      | Noticed WindUpCitrus's ghost (novice DjIE)
  8428 | D:9      | Noticed a +2 quarterstaff of chaos
  8866 | D:9      | Identified the +3 falchion of Tokhloxif {speed, rC+}
  9120 | D:9      | Found a snail-covered altar of Cheibriados.
  9120 | D:9      | Found an ornate altar of the Wu Jian Council.
  9377 | D:10     | Entered Level 10 of the Dungeon
  9472 | D:10     | Found Seniruwe's Antique Armour Shoppe.
  9537 | D:10     | Noticed an unseen horror
  9548 | D:10     | Reached ** piety under Yredelemnul
  9552 | D:10     | Killed an unseen horror
  9597 | D:10     | Bought a runed scale mail for 203 gold pieces
  9597 | D:10     | Bought a runed scale mail for 203 gold pieces
  9607 | D:10     | Learned a level 3 spell: Conjure Flame
 10435 | D:11     | Reached skill level 5 in Ice Magic
 10442 | D:11     | Reached XP level 11. HP: 60/97 MP: 5/18
 10501 | D:11     | Reached skill level 11 in Stealth
 10647 | D:11     | Found a staircase to the Lair.
 10653 | D:11     | Reached skill level 5 in Hexes
 10792 | D:11     | Found a white marble altar of Elyvilon.
 10805 | D:11     | Reached skill level 1 in Armour
 10997 | D:11     | Identified the +1 leather armour of Unambiguity {rCorr
                  | Int-2 Dex+7 Stlth+}
 11461 | Lair:1   | Entered Level 1 of the Lair of Beasts
 11489 | Lair:1   | Noticed Urug
 11501 | Lair:1   | Killed Urug
 11501 | Lair:1   | Reached *** piety under Yredelemnul
 11502 | Lair:1   | Reached skill level 1 in Fire Magic
 11503 | Lair:1   | HP: 7/148 [wolf (4)]
 11911 | Lair:1   | Reached skill level 5 in Spellcasting
 11917 | Lair:1   | Mangled by a cane toad

Illustrated notes

Levels and vault maps discovered:
D:1:      lightli_arrival_noodles, layout_basic,
          ebering_ecumenical_altar_sacrificial
D:2:      layout_basic, chequers_decorated_corner, nrook_campfire
D:3:      layout_loops_ring, general_overflow_altar, amcnicky_mini_pool_small,
          kennysheep_boxes
D:4:      layout_rooms, temple_doors_e, cheibrodos_sewer_entry_bend, uniq_ijyb
D:5:      layout_loops_ring, lemuel_tele_altar
D:6:      layout_loops_ring, uniq_blork_the_orc
D:7:      layout_basic, grunt_qazlal_clouds, serial_glass, glass_columns_c,
          glass_columns_a
D:8:      minmay_opposing_rooms, layout_loops_ring,
          grunt_temple_overflow_opulence, chequers_arboretum
D:9:      layout_irregular_city, amethyst_overflow_temple_binary,
          ebering_ghost_xom
D:10:     layout_long_grid, serial_shops, shop
D:11:     layout_basic, due_lair_maze_entry_diamond, elyvilon_altar_1
Temple:   regret_index_temple_waves
Lair:1:   layout_misc_corridors, lemuel_fruit_tree, serial_bayou_shore_b,
          grunt_megastairs_3, uniq_urug

Skill      XL: |  1  2  3  4  5  6  7  8  9 10 11 |
---------------+----------------------------------+-----
Spellcasting   | 1 2 3 4 5 |  5.0
Hexes          | 1 2 3 4 5 |  5.2
Polearms       | 3 4 5 7 8 |  8.3
Stealth        | 8 9 10 11 | 11.2
Ice Magic      | 1 2 3 4 5 |  5.2
Fighting       | 4 5 6 |  6.5
Dodging        | 2 3 4 |  4.4
Evocations     | 1 2 3 |  3.3
Air Magic      | 1 3 4 |  4.5
Invocations    | 1 3 4 |  4.7
Conjurations   | 1 2 3 |  3.0
Necromancy     | 1 3 4 |  4.1
Armour         | 1 |  1.6
Fire Magic     | 1 |  1.2
Throwing       | |  0.1
Poison Magic   | |  0.8

Action                   |  1- 3 |  4- 6 |  7- 9 | 10-12 || total
-------------------------+-------+-------+-------+-------++-------
Melee: Spear             |    49 |    61 |   153 |    38 ||   301
       Halberd           |       |       |       |   179 ||   179
Throw: Dart              |    14 |    19 |       |     2 ||    35
       Throwing net      |     2 |       |     1 |       ||     3
 Cast: Ensorcelled Hiber |       |     5 |    25 |    28 ||    58
       Pain              |       |       |    12 |     3 ||    15
       Shock             |       |       |     3 |       ||     3
       Swiftness         |       |       |       |     2 ||     2
       Animate Skeleton  |       |       |       |     1 ||     1
       Vampiric Draining |       |       |       |     1 ||     1
Invok: Animate Remains   |       |       |       |    11 ||    11
       Injury Mirror     |       |       |       |     1 ||     1
 Abil: Spit Poison       |    24 |     6 |     9 |     3 ||    42
Evoke: Wand              |       |    14 |    15 |    45 ||    74
  Use: Scroll            |     5 |     3 |     4 |     8 ||    20
       Potion            |       |     4 |     6 |     6 ||    16
 Stab: Sleeping          |     2 |     2 |    17 |    15 ||    36
       Held in net/web   |     1 |       |       |       ||     1
       Distracted        |       |       |     3 |     2 ||     5
       Betrayed ally     |       |       |       |     2 ||     2
Armor: Leather armour    |     7 |     5 |    38 |   101 ||   151
Dodge: Dodged            |    15 |    26 |    97 |   152 ||   290
